 Dungeon Crawl Stone Soup version 0.27.1-34-g3ba077fa99 (webtiles) character file.

Game seed: 15989403084981489204

336 comborobin the Ruffian (level 6, -19/59 HPs)
             Began as a Troll Delver on Jan 8, 2022.
             Demolished by Menkaure (23 damage)
             ... on level 4 of the Dungeon.
             The game lasted 00:01:50 (641 turns).

comborobin the Ruffian (Troll Delver)                Turns: 641, Time: 00:01:51

Health: -19/59     AC:  4    Str: 19 (22) XL:     6   Next: 28%
Magic:  5/5        EV:  7    Int:  5 (7)  God:
Gold:   77         SH:  7    Dex:  9 (11) Spells: 3/5 levels left

rFire    . . .     SeeInvis .     - Unarmed
rCold    . . .     Faith    .   o - +0 kite shield
rNeg     . . .     Spirit   .   a - +0 robe
rPois    .         Reflect  .   (helmet restricted)
rElec    .         Harm     .   (no cloak)
rCorr    .         Rampage  .   (gloves unavailable)
Will     +....                  (boots unavailable)
Stlth    ++........             e - amulet of regeneration
HPRegen  2.19/turn              l - ring of willpower
MPRegen  0.09/turn              (no ring)

@: no status effects
A: large, unfitting armour, claws 3, regeneration 1, shaggy fur 1, tough skin 1
a: no special abilities


You were on level 4 of the Dungeon.
You visited 1 branch of the dungeon, and saw 2 of its levels.

You collected 77 gold pieces.

Inventory:

Missiles
 d - 9 poisoned darts (quivered)
Armour
 a - a +0 robe (worn)
 o - a +0 kite shield (worn)
Jewellery
 e - an amulet of regeneration (around neck)
 l - a ring of willpower (left claw)
Wands
 f - a wand of digging (8)
Scrolls
 b - a scroll of fog
 c - a scroll of magic mapping
 h - a scroll of immolation {unknown}
 i - a scroll of enchant weapon {unknown}
Potions
 j - a potion of degeneration
 k - a potion of might {unknown}
 m - a potion of curing {unknown}
 n - a potion of berserk rage {unknown}


   Skills:
 + Level 2.9 Fighting
 + Level 1.8 Dodging
 - Level 2.7 Stealth
 + Level 0.4 Shields
 * Level 6.2 Unarmed Combat


You had 3 spell levels left.
You knew the following spells:

 Your Spells              Type           Power      Damage    Failure   Level
a - Summon Small Mammal   Summ           0%         N/A       97%         1
A - Apportation           Tloc           0%         N/A       97%         1

Your spell library contained the following spells:

 Spells                   Type           Power      Damage    Failure   Level
 Animate Skeleton         Necr           0%         N/A       97%         1
 Corona                   Hex            0%         N/A       97%         1
 Shock                    Conj/Air       0%         1d3       97%         1
 Swiftness                Air            0%         N/A       100%        3
 Airstrike                Air            0%         N/A       100%        4


Dungeon Overview and Level Annotations

Branches:
Dungeon (5/15)
 Temple: D:4-7

Altars:

Annotations:
D:4 Menkaure


Innate Abilities, Weirdness & Mutations

You are too large for most types of armour.
You have claws for hands.
Your natural rate of healing is unusually fast.
You are covered in fur. (AC +1)
You have tough skin. (AC +1)


Message History

You barely miss the necrophage.
The necrophage is heavily damaged.
The necrophage hits you but does no damage.
You block the necrophage's attack.
You scratch the necrophage.
The necrophage is severely damaged.
You block the necrophage's attack.
You closely miss the necrophage.
The necrophage is severely damaged.
Menkaure gestures wildly while chanting.
Menkaure seems to speed up.
The necrophage hits you but does no damage.
You claw the necrophage!
You destroy the necrophage!
You have reached level 6!
Your experience leads to an increase in your attributes!
Increase (S)trength, (I)ntelligence, or (D)exterity?
You feel clever.
You feel stronger.
Okay, then.
It was a potion of degeneration.
There was something very wrong with that liquid.
You feel weakened.
You feel dopey.
You feel clumsy.
It was a potion of heal wounds.
You feel much better. Menkaure hits you.
You scratch Menkaure.
Menkaure is lightly damaged.
Menkaure hits you!
You claw Menkaure!
Menkaure is severely damaged.
Menkaure hits you!!
You completely miss Menkaure.
Menkaure is severely damaged.
Menkaure hits you. Menkaure hits you!!
* * * LOW HITPOINT WARNING * * *
Okay, then.
Okay, then.
Okay, then.
You barely miss Menkaure.
Menkaure is severely damaged.
Menkaure hits you!!
You die...

......###.# ##.......
........#.# #........
......#.#.###........
......#....##.#######
......#.#.#.#.# #
##..#.....# #
###...###...# #
#...8..#.#..## #
##@M...#####.### #
#...†##+##....###.##
# #<.8.. ..8. #...###
##...# #...##....##
#### ####....###
#.##.|... #.######.
#.### #. #...# ##


You could see Menkaure (fast).

Vanquished Creatures
  A black bear (D:5)
  A necrophage (D:4)
  A scorpion (D:4)
  An iguana (D:4)
  A hound skeleton (D:4)
  4 gnolls (D:4)
  2 adders (D:5)
  An adder skeleton (D:4)
  A worm (D:4)
  2 orcs
  A ball python (D:4)
16 creatures vanquished.

Notes
Turn   | Place    | Note
-------+----------+-------------------------------------------
     0 | D:5      | comborobin the Troll Delver began the quest for the Orb.
     0 | D:5      | Reached XP level 1. HP: 22/22 MP: 0/0
    74 | D:5      | Reached XP level 2. HP: 26/29 MP: 1/1
   219 | D:5      | Reached skill level 3 in Unarmed Combat
   242 | D:4      | Noticed a black bear
   256 | D:5      | Killed a black bear
   257 | D:5      | Reached skill level 4 in Unarmed Combat
   257 | D:5      | Reached XP level 3. HP: 16/36 MP: 2/2
   257 | D:5      | Reached XP level 4. HP: 20/44 MP: 3/3
   336 | D:4      | Reached skill level 5 in Unarmed Combat
   358 | D:4      | Learned a level 1 spell: Summon Small Mammal
   361 | D:4      | Reached XP level 5. HP: 50/50 MP: 4/4
   366 | D:4      | Learned a level 1 spell: Apportation
   538 | D:4      | Reached skill level 6 in Unarmed Combat
   626 | D:4      | Noticed a necrophage
   627 | D:4      | Noticed Menkaure
   635 | D:4      | Killed a necrophage
   636 | D:4      | Reached XP level 6. HP: 59/59 MP: 5/5
   640 | D:4      | HP: 2/59 [Menkaure (18)]
   641 | D:4      | Demolished by Menkaure

Illustrated notes

Levels and vault maps discovered:
D:4:      layout_loops_cross, minmay_temple_entry_hall, grunt_ministairs_4,
          minmay_misc_feat_cross, uniq_menkaure
D:5:      layout_loops_cross

Skill      XL: |  1  2  3  4  5 |
---------------+----------------+-----
Unarmed Combat | 4 5 6 |  6.2
Fighting       | |  2.9
Dodging        | |  1.8
Stealth        | |  2.7
Shields        | |  0.4

Action                   |  1- 3 |  4- 6 || total
-------------------------+-------+-------++-------
Melee: Unarmed           |    21 |    36 ||    57
       Punch             |     1 |     2 ||     3
  Use: Potion            |     1 |     2 ||     3
       Scroll            |       |     1 ||     1
Armor: Robe              |    12 |     4 ||    16
Dodge: Dodged            |    11 |    12 ||    23
Block: Kite shield       |       |     2 ||     2
